 Dungeon Crawl Stone Soup version 0.31.0-12-g77e489cdc1 (webtiles) character file.

Game seed: 1078135423609832096

119 Ekphrasis the Chopper (level 4, -8/40 HPs)
             Began as a Draconian Berserker on Feb 26, 2024.
             Was a Believer of Trog.
             Mangled by a gnoll
             ... wielding a +0 halberd
              (13 damage)
             ... on level 3 of the Dungeon.
             The game lasted 00:04:04 (1633 turns).

Ekphrasis the Chopper (Draconian Berserker)         Turns: 1633, Time: 00:04:04

Health: -8/40      AC:  5    Str: 20    XL:     4   Next: 74%
Magic:  4/4        EV:  9    Int:  9    God:    Trog [**....]
Gold:   131        SH: 10    Dex: 10    Spells: 3/3 levels left

rFire   + . .        a - +0 hand axe
rCold   + . .        j - +0 tower shield
rNeg    . . .        (body armour unavailable)
rPois   .            (helmet restricted)
rElec   .            d - scarf {rC+ rF+}
rCorr   .            (no gloves)
SInv    .            (no boots)
Will    .....        (no amulet)
Stlth   +            (no ring)
HPRegen 0.26/turn    (no ring)
MPRegen 0.09/turn

%: no passive effects
@: on berserk cooldown, slowed, very slow
A: AC +5, unfitting armour, cold-blooded
a: Renounce Religion, Berserk, Trog's Hand


You were on level 3 of the Dungeon.
You worshipped Trog.
Trog was pleased with you.
You visited 1 branch of the dungeon, and saw 3 of its levels.

You collected 131 gold pieces.

Inventory:

Hand Weapons
 a - a +0 hand axe (weapon)
Missiles
 b - 8 poisoned darts (quivered)
 k - 6 boomerangs
Armour
 d - a scarf of resistance (worn)
 j - a +0 tower shield (worn)
Scrolls
 e - 2 scrolls of teleportation
 h - a scroll of amnesia
Potions
 c - a potion of haste {unknown}
 f - a potion of might {unknown}
 g - a potion of resistance {unknown}
 i - 3 potions of degeneration {unknown}


   Skills:
 * Level 4.0 Fighting
 * Level 4.2 Axes
 * Level 0.2 Throwing
 * Level 3.2 Dodging
 * Level 1.0 Stealth
 * Level 0.7 Shields


You had 3 spell levels left.
You didn't know any spells.
Your spell library was empty.

Dungeon Overview and Level Annotations

Branches:
Dungeon (3/15)

Altars:
Makhleb


Innate Abilities, Weirdness & Mutations

Your plain brown scales are hard. (AC +5)
You cannot fit into any form of body armour.
You are cold-blooded and may be slowed by cold attacks.


Message History

You feel sick. You block the adder's attack.
You barely miss the adder.
The adder is heavily wounded.
You feel sick. The adder bites you but does no damage.
You slash the adder!
You kill the adder!
Trog accepts your kill.
You feel sick.
You slash something!
You feel sick. Something hits you but does no damage.
You slash something! Trog accepts your kill.
Trog appreciates your killing of a magic user.
Reactivating autopickup.
You feel a bit more experienced.
You feel sick.
You are no longer poisoned.
Your Fighting skill increases to level 4!
Your Stealth skill increases to level 1!
You slash the orc!
You feel the power of Trog in you as your rage grows.
You kill the orc!
Trog accepts your kill.
The gnoll shouts!
You hear a shout! x3
Items here: )) [[ ††.
You feel a strong urge to attack something.
You are no longer berserk.
You are exhausted.
You feel yourself slow down. You block the orc's attack.
The orc hits you with a +0 whip.
You barely miss the orc.
Your tail-slap misses the orc.
The orc barely misses you. You block the orc's attack.
The gnoll shouts!
You hit the orc but do no damage. You closely miss the gnoll.
You hear a shout!
The gnoll hits you with a +0 flail!
* * * LOW HITPOINT WARNING * * *
The orc hits you with a +0 whip.
* * * LOW HITPOINT WARNING * * *
You block the gnoll's attack. x2; You block the orc's attack.
The gnoll hits you from afar with a +0 halberd!
You die...

######..#.......###.....
................##......
#....##+##......#####
#.......######
#.##.>.....#
#)##.#####.#
#.##.........
#.########.### #@.......
#og###### '#gg...#
......g#.#.....
.......'.#..... .B.....
## .... .J..... ....
o.o.... ...


gJ..... You could see 4 gnolls and an orc.

Vanquished Creatures
  An orc wizard (D:3)
  A gnoll (D:2)
  3 adders
  2 dart slugs
  2 ribbon worms (D:2)
  2 orcs (D:3)
  7 bats
  4 endoplasms
  5 giant cockroaches
  4 hobgoblins
  2 jackals (D:1)
  4 kobolds (D:1)
  A quokka (D:1)
  4 ball pythons
  2 frilled lizards
  A goblin (D:1)
  A rat (D:1)
46 creatures vanquished.

Notes
Turn   | Place    | Note
-------+----------+-------------------------------------------
     0 | D:1      | Ekphrasis the Draconian Berserker began the quest for the
                  | Orb.
     0 | D:1      | Reached XP level 1. HP: 19/19 MP: 1/1
    95 | D:1      | Reached XP level 2. HP: 26/26 MP: 2/2
   829 | D:2      | Reached XP level 3. HP: 33/33 MP: 3/3
   851 | D:2      | Found a faded altar of an unknown god.
   895 | D:2      | Reached ** piety under Trog
   933 | D:2      | Found a burning altar of Makhleb.
  1107 | D:2      | Reached XP level 4. HP: 19/40 MP: 4/4
  1627 | D:3      | Reached skill level 1 in Stealth
  1633 | D:3      | Mangled by a gnoll

Illustrated notes

Levels and vault maps discovered:
D:1:      ldierk_walled_garden, layout_loops_ring, minmay_pentomino_v2
D:2:      cheibrodos_old_hovel, layout_rooms,
          hellmonk_ecumenical_altar_leap_of_faith, basic_altar
D:3:      layout_basic, uniq_ijyb

Skill      XL: |  1  2  3  4 |
---------------+-------------+-----
Dodging        | 3 |  3.2
Axes           | 4 |  4.2
Fighting       | 4 |  4.0
Stealth        | 1 |  1.0
Throwing       | |  0.2
Shields        | |  0.7

Action                     |  1- 3 |  4- 6 || total
---------------------------+-------+-------++-------
  Melee: Hand axe          |    93 |    44 ||   137
         Tailslap          |     8 |     3 ||    11
         Punch             |     1 |       ||     1
  Throw: Dart              |       |     2 ||     2
 Invoke: Berserk           |     1 |     1 ||     2
    Use: Scroll            |     6 |     1 ||     7
         Potion            |     1 |       ||     1
 Armour: Skin              |    71 |    33 ||   104
  Dodge: Dodged            |    61 |    14 ||    75
  Block: Tower shield      |     7 |    26 ||    33
